 Dungeon Crawl Stone Soup version 0.27-a0-1612-gde56a17b89 (webtiles) character file.

Game seed: 12751570783579723937

199 night the Ducker (level 5, -1/26 HPs)
             Began as a Spriggan Conjurer on July 21, 2021.
             Killed from afar by an orc wizard (4 damage)
             ... with a magic dart
             ... on level 3 of the Dungeon.
             The game lasted 00:06:05 (2622 turns).

night the Ducker (Spriggan Conjurer)                Turns: 2622, Time: 00:06:05

Health: -1/26      AC:  2    Str:  3    XL:     5   Next: 48%
Magic:  0/11       EV: 18    Int: 20    God:
Gold:   103        SH:  0    Dex: 14    Spells: 4/11 levels left

rFire    . . .     SeeInvis +   k - +4 short sword (venom)
rCold    . . .     Faith    .   (shield restricted)
rNeg     . . .     Spirit   .   a - +0 robe
rPois    .         Reflect  .   (helmet restricted)
rElec    .         Harm     .   (no cloak)
rCorr    .         Rampage  .   (gloves unavailable)
Will     .....                  (boots unavailable)
Stlth    ++........             (no amulet)
HPRegen  0.08/turn              (no ring)
MPRegen  0.12/turn              (no ring)

@: very quick
A: very small, no large weapons, unfitting armour, see invisible, speed 3
a: no special abilities


You were on level 3 of the Dungeon.
You visited 1 branch of the dungeon, and saw 3 of its levels.

You collected 103 gold pieces.

Inventory:

Hand Weapons
 k - a +4 short sword of venom (weapon)
Missiles
 c - 17 arrows
 e - 2 boomerangs
 g - 82 stones
 j - 19 sling bullets
 n - 22 bolts
Armour
 a - a +0 robe (worn)
Scrolls
 d - 4 scrolls of fear
 f - a scroll of teleportation
Potions
 b - a potion of resistance
 h - 2 potions of flight
 i - a potion of attraction {unknown}
 l - a potion of lignification {unknown}
 m - a potion of heal wounds {unknown}


   Skills:
 + Level 1.7 Fighting
 + Level 4.1 Dodging
 - Level 3.0 Stealth
 + Level 3.9 Spellcasting
 * Level 3.9 Conjurations
 + Level 0.2 Translocations


You had 4 spell levels left.
You knew the following spells:

 Your Spells              Type           Power      Damage    Failure   Level
a - Magic Dart            Conj           76%        1d6       2%          1
b - Searing Ray           Conj           38%        3d4       3%          2
c - Iskenderun's Mystic   Conj/Tloc      12%        2d5       50%         4

Your spell library contained the following spells:

 Spells                   Type           Power      Damage    Failure   Level
 Static Discharge         Conj/Air       11%        N/A       9%          2
 Dazzling Flash           Conj/Hex       22%        N/A       17%         3
 Passwall                 Tmut/Erth      2%         N/A       21%         2
 Swiftness                Air            3%         N/A       36%         3
 Fulminant Prism          Conj/Hex       5%         3d7       50%         4
 Sticky Flame             Conj/Fire      11%        2d3       50%         4
 Dispel Undead            Necr           3%         3d7       78%         4
 Invisibility             Hex            1%         N/A       100%        6


Dungeon Overview and Level Annotations

Branches:
Dungeon (3/15)

Altars:
Xom

Shops:
D:1 ?   D:2 *


Innate Abilities, Weirdness & Mutations

You are very small and have problems with some larger weapons.
You are too small for most types of armour.
You have supernaturally acute eyesight. (SInv)
You cover ground extremely quickly. (Speed+++)


Message History

Press: ? - help, Shift-Dir - straight line, f/p - orc wizard
Aim: an orc wizard, wielding a +0 dagger and wearing a +0 robe (moderately wounded, 100% to hit)
The magic dart hits the orc wizard.
The orc wizard is heavily wounded.
Casting: Magic Dart (safe; 2% risk of failure)
Confirm with . or Enter, or press ? or * to list all spells.
Aiming: Magic Dart (safe; 2% risk of failure)
Press: ? - help, Shift-Dir - straight line, f/p - orc wizard
Aim: an orc wizard, wielding a +0 dagger and wearing a +0 robe (heavily wounded, 100% to hit)
The magic dart hits the orc wizard.
The orc wizard is heavily wounded.
Casting: Magic Dart (safe; 2% risk of failure)
Confirm with . or Enter, or press ? or * to list all spells.
Aiming: Searing Ray (safe; 3% risk of failure)
Press: ? - help, Shift-Dir - straight line, f/p - orc wizard
Aim: an orc wizard, wielding a +0 dagger and wearing a +0 robe (heavily wounded, 72% to hit)
The searing ray hits the orc wizard.
The orc wizard is severely wounded.
The searing ray hits the orc but does no damage. (Press . to maintain the ray.)
The searing ray misses the orc wizard.
The searing ray hits the orc.
The orc is lightly wounded.
The orc wizard points at you and mumbles some strange words.
The magic dart hits you!
The searing ray misses the orc wizard.
The orc wizard completely misses you. The orc barely misses you.
The searing ray misses the orc wizard.
You finish channeling your searing ray.
The orc shouts!
The orc wizard hits you with a +0 dagger.
The orc hits you with a +0 short sword.
* * * LOW HITPOINT WARNING * * *
Casting: Searing Ray (safe; 3% risk of failure)
Confirm with . or Enter, or press ? or * to list all spells.
Okay, then.
You aren't carrying any items that you can evoke.
The orc throws a boomerang.
The boomerang hits you.
* * * LOW HITPOINT WARNING * * *
The orc wizard casts a spell at you. The magic dart hits you.
You die...

#..).# ....
#..o.##.!#
#.###..)....>#
#...........####
#o.........
#..o....##
#.......#
#.†.....#
#.###..@...##
#.....#.####
............#
......#.###.#
..###.....#.# .
#.......#
##.....###
#...##.#
#...##.#


You could see an orc wizard and 2 orcs.

Vanquished Creatures
  Natasha (thrice) (D:2)
  Robin (D:2)
  4 adders (D:2)
  4 worms
  A dart slug (D:1)
  An orc (D:3)
  3 ball pythons (D:1)
  2 endoplasms
  2 giant cockroaches
  12 goblins
  10 hobgoblins
  7 jackals
  3 kobolds
  A quokka (D:3)
  3 bats
  A frilled lizard (D:2)
  4 rats
62 creatures vanquished.

Notes
Turn   | Place    | Note
-------+----------+-------------------------------------------
     0 | D:1      | night the Spriggan Conjurer began the quest for the Orb.
     0 | D:1      | Reached XP level 1. HP: 9/9 MP: 5/5
   171 | D:1      | Found Raeguves's Magic Scroll Emporium.
   291 | D:1      | Reached XP level 2. HP: 14/14 MP: 1/6
   374 | D:1      | Found a shimmering altar of Xom.
   380 | D:1      | Reached skill level 3 in Dodging
   721 | D:1      | Found a faded altar of an unknown god.
  1130 | D:2      | Noticed Robin
  1138 | D:1      | Learned a level 2 spell: Searing Ray
  1221 | D:2      | Reached XP level 3. HP: 17/17 MP: 4/8
  1308 | D:2      | Reached skill level 1 in Fighting
  1528 | D:2      | Reached XP level 4. HP: 22/22 MP: 5/10
  1589 | D:2      | Noticed Natasha
  1593 | D:2      | Killed Natasha
  1755 | D:2      | Noticed Natasha
  1763 | D:2      | Killed Natasha
  1911 | D:2      | Found Weukhama's Assorted Antiques.
  1942 | D:2      | Reached XP level 5. HP: 25/25 MP: 8/11
  1942 | D:2      | Noticed Natasha
  1954 | D:2      | Killed Natasha
  1955 | D:2      | Reached skill level 4 in Dodging
  2062 | D:2      | Killed Robin
  2165 | D:2      | Learned a level 4 spell: Iskenderun's Mystic Blast
  2622 | D:3      | HP: 3/26 [orc/boomerang (1)]
  2622 | D:3      | Killed from afar by an orc wizard

Illustrated notes

Levels and vault maps discovered:
D:1:      scummos_arrival_forest, layout_loops_ring, serial_shops, shop,
          serial_glass, glass_columns_a, glass_columns_a,
          ebering_ecumenical_altar_sacrificial, minmay_hexomino_r4
D:2:      layout_rooms, serial_shops, shop, uniq_natasha, uniq_robin
D:3:      layout_basic, gammafunk_temple_overflow_statue,
          chequers_decorated_corner, minivault_19, kennysheep_path_1, hex_medium

Skill      XL: |  1  2  3  4  5 |
---------------+----------------+-----
Conjurations   | 3 |  3.9
Dodging        | 3 4 |  4.1
Spellcasting   | 3 |  3.9
Fighting       | 1 |  1.7
Stealth        | |  3.0
Translocations | |  0.2

Action                   |  1- 3 |  4- 6 || total
-------------------------+-------+-------++-------
Melee: Unarmed           |     1 |       ||     1
       Short sword       |     6 |    12 ||    18
 Cast: Magic Dart        |    65 |    45 ||   110
       Searing Ray       |     1 |     7 ||     8
  Use: Scroll            |       |     4 ||     4
 Stab: Sleeping          |       |     1 ||     1
Armor: Robe              |     3 |     2 ||     5
Dodge: Dodged            |     5 |    23 ||    28

Table legend: (Time is in decaauts)
 A = Elapsed time spent in this place.
 B = Non-inter-level travel time spent in this place.
 C = Inter-level travel time spent in this place.
 D = Time resting spent in this place.
 E = Time spent auto-exploring this place.
 F = Levels seen in this place.
 G = Mean time per level.
                   A        B        C        D        E       F      G
               +--------+--------+--------+--------+--------+-----+--------+
         Total |   2144 |   2099 |     45 |    194 |   1607 |   3 |  714.7 |
       Dungeon |   2144 |   2099 |     45 |    194 |   1607 |   3 |  714.7 |
               +--------+--------+--------+--------+--------+-----+--------+

Top non-repeatable levels by time:
     D:2: 1024 daAuts
     D:1: 936 daAuts
     D:3: 183 daAuts
